Workbook

Sheet Planilha
A1: CONSÓRCIO INTERMUNICIPAL MULTIFINALITÁRIO DE GESTÇAO PÚBLICA DOS MUNICÍPIOS DO CENTRO OESTE MINEIRO Endereço: Avenida Doutor Guido, nº 297, Centro, Abaeté - MG CNPJ: 53.255.914/0001-60
A2: PLANILHA ORÇAMENTÁRIA
A3: ÓRGÃO | B3: CONSÓRCIO INTERMUNICIPAL MULTIFINALITÁRIO DE GESTÇAO PÚBLICA DOS MUNICÍPIOS DO CENTRO OESTE MINEIRO - CIMGEP | G3: DATA: 08/12/2025
A4: OBJETO | B4: TABELA REFERÊNCIAL DE PROJETOS E CONSULTORIA TÉCNICA | F4: MUNICÍPIO | G4: CONSORCIADOS DO CIMGEP
F5: BDI: 29,35%
A7: REFERÊNCIA | B7: CÓDIGO | C7: DESCRIÇÃO | D7: UNIDADE | E7: QUANTIDADE | F7: CUSTO UNITÁRIO S/ BDI | G7: CUSTO UNITÁRIO C/ BDI | H7: VALOR TOTAL C/ BDI
H8: =H9+H44+H54+H70+H75+H98+H104+H118+H155 -> 4040345.5
C9: PROJETOS DE EDIFICAÇÃO | H9: =SUM(H10:H43) -> 675529.66
A10: CIMGEP | B10: CIMGEP 01 | C10: =Composições!C5 -> PROJETO EXECUTIVO DE ARQUITETURA | D10: =Composições!F5 -> PR A1 | E10: 30 | F10: =TRUNC(G10 * (1/1.2935),2) -> 1179.45 | G10: 1525.63 | H10: =ROUND(E10*G10,4) -> 45768.9
A11: CIMGEP | B11: CIMGEP 02 | C11: =Composições!C27 -> PROJETO EXECUTIVO DE TERRAPLENAGEM PLANTA | D11: =Composições!F27 -> PR A1 | E11: 15 | F11: =TRUNC(G11 * (1/1.2935),2) -> 731.55 | G11: 946.27 | H11: =TRUNC(E11*G11,2) -> 14194.05
A12: CIMGEP | B12: CIMGEP 03 | C12: =Composições!C48 -> PROJETO EXECUTIVO DE TERRAPLENAGEM SEÇÕES | D12: =Composições!F67 -> PR A1 | E12: 15 | F12: =TRUNC(G12 * (1/1.2935),2) -> 488.89 | G12: 632.39 | H12: =TRUNC(E12*G12,2) -> 9485.85
A13: CIMGEP | B13: CIMGEP 04 | C13: =Composições!C67 -> PROJETO EXECUTIVO DE DRENAGEM PLUVIAL | D13: =Composições!F67 -> PR A1 | E13: 15 | F13: =TRUNC(G13 * (1/1.2935),2) -> 934.03 | G13: 1208.17 | H13: =TRUNC(E13*G13,2) -> 18122.55
A14: CIMGEP | B14: CIMGEP 05 | C14: =Composições!C87 -> PROJETO PAISAGISTICO PRAÇA, PARQUE E AREA DE LAZER | D14: =Composições!F87 -> A1 | E14: 15 | F14: =TRUNC(G14 * (1/1.2935),2) -> 2228.52 | G14: 2882.6 | H14: =TRUNC(E14*G14,2) -> 43239
A15: CIMGEP | B15: CIMGEP 06 | C15: =Composições!C102 -> PROJETO EXECUTIVO DE PAISAGISMO | D15: =Composições!F102 -> PR A1 | E15: 10 | F15: =TRUNC(G15 * (1/1.2935),2) -> 1033.66 | G15: 1337.04 | H15: =TRUNC(E15*G15,2) -> 13370.4
A16: CIMGEP | B16: CIMGEP 07 | C16: =Composições!C123 -> PROJETO PAISAGISTICO AREAS LIVRES OBRAS EDIFICAÇAO | D16: =Composições!F123 -> A1 | E16: 10 | F16: =TRUNC(G16 * (1/1.2935),2) -> 1010.56 | G16: 1307.16 | H16: =TRUNC(E16*G16,2) -> 13071.6
A17: CIMGEP | B17: CIMGEP 08 | C17: =Composições!C138 -> PROJETO GEOMETRICO DE CONTENÇAO | D17: =Composições!F138 -> A1 | E17: 10 | F17: =TRUNC(G17 * (1/1.2935),2) -> 1051.85 | G17: 1360.58 | H17: =TRUNC(E17*G17,2) -> 13605.8
A18: CIMGEP | B18: CIMGEP 09 | C18: =Composições!C152 -> PROJETO ESTRUTURAL DE CONTENCAO / CANAL | D18: =Composições!F152 -> A1 | E18: 15 | F18: =TRUNC(G18 * (1/1.2935),2) -> 1052.01 | G18: 1360.78 | H18: =TRUNC(E18*G18,2) -> 20411.7
A19: CIMGEP | B19: CIMGEP 10 | C19: =Composições!C167 -> PROJETO EXECUTIVO DE ESTRUTURA DE CONCRETO | D19: =Composições!F167 -> PR A1 | E19: 25 | F19: =TRUNC(G19 * (1/1.2935),2) -> 1058.2 | G19: 1368.79 | H19: =TRUNC(E19*G19,2) -> 34219.75
A20: CIMGEP | B20: CIMGEP 11 | C20: =Composições!$C$187 -> PROJETO EXECUTIVO DE INSTALAÇÕES ELÉTRICAS | D20: =Composições!$F$187 -> PR A1 | E20: 20 | F20: =TRUNC(G20 * (1/1.2935),2) -> 1180.53 | G20: 1527.02 | H20: =TRUNC(E20*G20,2) -> 30540.4
A21: CIMGEP | B21: CIMGEP 12 | C21: =Composições!$C$208 -> PROJETO EXECUTIVO DE CABEAMENTO ESTRUTURADO | D21: =Composições!$F$208 -> PR A1 | E21: 15 | F21: =TRUNC(G21 * (1/1.2935),2) -> 1384.02 | G21: 1790.24 | H21: =TRUNC(E21*G21,2) -> 26853.6
A22: CIMGEP | B22: CIMGEP 13 | C22: =Composições!$C$229 -> PROJETO EXECUTIVO DE ESTRUTURA METÁLICA | D22: =Composições!$F$229 -> PR A1 | E22: 15 | F22: =TRUNC(G22 * (1/1.2935),2) -> 1584.77 | G22: 2049.91 | H22: =TRUNC(E22*G22,2) -> 30748.65
A23: CIMGEP | B23: CIMGEP 14 | C23: =Composições!$C$250 -> PROJETO EXECUTIVO DE INSTALAÇÕES HIDRÁULICAS/SANITÁRIAS | D23: =Composições!$F$250 -> PR A1 | E23: 28 | F23: =TRUNC(G23 * (1/1.2935),2) -> 1161.39 | G23: 1502.27 | H23: =TRUNC(E23*G23,2) -> 42063.56
A24: CIMGEP | B24: CIMGEP 15 | C24: =Composições!$C$271 -> PROJETO EXECUTIVO DE PREVENÇÃO E COMBATE A INCÊNDIO | D24: =Composições!$F$271 -> PR A1 | E24: 25 | F24: =TRUNC(G24 * (1/1.2935),2) -> 1142.25 | G24: 1477.51 | H24: =TRUNC(E24*G24,2) -> 36937.75
A25: CIMGEP | B25: CIMGEP 16 | C25: =Composições!$C$292 -> PROJETO DE PREVENÇÃO E COMBATE A INCÊNDIO | D25: =Composições!$F$292 -> PR A1 | E25: 20 | F25: =TRUNC(G25 * (1/1.2935),2) -> 912.57 | G25: 1180.42 | H25: =TRUNC(E25*G25,2) -> 23608.4
A26: CIMGEP | B26: CIMGEP 17 | C26: =Composições!$C$313 -> PROJETO EXECUTIVO DE SPDA | D26: =Composições!$F$313 -> PR A1 | E26: 15 | F26: =TRUNC(G26 * (1/1.2935),2) -> 875.34 | G26: 1132.26 | H26: =TRUNC(E26*G26,2) -> 16983.9
A27: CIMGEP | B27: CIMGEP 18 | C27: =Composições!$C$334 -> PROJETO EXECUTIVO DE IRRIGAÇÃO | D27: =Composições!$F$334 -> PR A1 | E27: 10 | F27: =TRUNC(G27 * (1/1.2935),2) -> 1102.36 | G27: 1425.91 | H27: =TRUNC(E27*G27,2) -> 14259.1
A28: CIMGEP | B28: CIMGEP 19 | C28: =Composições!$C$355 -> PROJETO EXECUTIVO DE AR CONDICIONADO/VENTILAÇÃO/CLIMATIZAÇÃO | D28: =Composições!$F$355 -> PR A1 | E28: 15 | F28: =TRUNC(G28 * (1/1.2935),2) -> 1192.74 | G28: 1542.81 | H28: =TRUNC(E28*G28,2) -> 23142.15
A29: CIMGEP | B29: CIMGEP 20 | C29: =Composições!$C$376 -> DESENVOLVIMENTO E DETALH. PROJ. ARQUIT. E ESTRURAL | D29: =Composições!$F$376 -> A1 | E29: 25 | F29: =TRUNC(G29 * (1/1.2935),2) -> 398.5 | G29: 515.47 | H29: =TRUNC(E29*G29,2) -> 12886.75
A30: CIMGEP | B30: CIMGEP 21 | C30: =Composições!$C$388 -> DESENVOLVIMENTO E DETALHAMENTO DE PROJETO ARQUITETÔNICO | D30: =Composições!$F$388 -> PR A1 | E30: 20 | F30: =TRUNC(G30 * (1/1.2935),2) -> 359.72 | G30: 465.31 | H30: =TRUNC(E30*G30,2) -> 9306.2
A31: CIMGEP | B31: CIMGEP 22 | C31: =Composições!$C$407 -> DESENVOLVIMENTO E DETALH. PROJ. ARQUIT. E ESTRURAL | D31: =Composições!$F$407 -> A1 | E31: 15 | F31: =TRUNC(G31 * (1/1.2935),2) -> 407.73 | G31: 527.41 | H31: =TRUNC(E31*G31,2) -> 7911.15
A32: CIMGEP | B32: CIMGEP 23 | C32: =Composições!$C$419 -> DESENHO E COPIA - ARQUITETURA/ESTRUTURAL/METALICA | D32: =Composições!$F$419 -> A1 | E32: 15 | F32: =TRUNC(G32 * (1/1.2935),2) -> 364.62 | G32: 471.64 | H32: =TRUNC(E32*G32,2) -> 7074.6
A33: CIMGEP | B33: CIMGEP 24 | C33: =Composições!$C$431 -> PROJETO ELETRICO/TV A CABO/ANTENA EXTERNA | D33: =Composições!$F$431 -> A1 | E33: 10 | F33: =TRUNC(G33 * (1/1.2935),2) -> 1207.14 | G33: 1561.44 | H33: =TRUNC(E33*G33,2) -> 15614.4
A34: CIMGEP | B34: CIMGEP 25 | C34: =Composições!C445 -> DESENHO E COPIA - PROJETOS COMPLEMENTARES | D34: =Composições!F445 -> A1 | E34: 15 | F34: =TRUNC(G34 * (1/1.2935),2) -> 398.76 | G34: 515.8 | H34: =TRUNC(E34*G34,2) -> 7737
A35: CIMGEP | B35: CIMGEP 26 | C35: =Composições!C457 -> PROJETO DE AR CONDICIONADO MECANICO/ELETRICO | D35: =Composições!F457 -> A1 | E35: 15 | F35: =TRUNC(G35 * (1/1.2935),2) -> 718.05 | G35: 928.81 | H35: =TRUNC(E35*G35,2) -> 13932.15
A36: CIMGEP | B36: CIMGEP 27 | C36: =Composições!C471 -> PROJETO EXECUTIVO LUMINOTÉCNICO | D36: =Composições!F471 -> PR A1 | E36: 20 | F36: =TRUNC(G36 * (1/1.2935),2) -> 457.94 | G36: 592.35 | H36: =TRUNC(E36*G36,2) -> 11847
A37: CIMGEP | B37: CIMGEP 28 | C37: =Composições!C491 -> COMPATIBILIZACAO DE PROJETOS DE EDIFICACAO | D37: =Composições!F491 -> A1 | E37: 15 | F37: =TRUNC(G37 * (1/1.2935),2) -> 918.22 | G37: 1187.73 | H37: =TRUNC(E37*G37,2) -> 17815.95
A38: CIMGEP | B38: CIMGEP 29 | C38: =Composições!C505 -> PERSPECTIVA COLORIDA (50X70)CM | D38: =Composições!F505 -> un | E38: 15 | F38: =TRUNC(G38 * (1/1.2935),2) -> 1227.92 | G38: 1588.32 | H38: =TRUNC(E38*G38,2) -> 23824.8
A39: CIMGEP | B39: CIMGEP 30 | C39: =Composições!C524 -> VISTA TRATADA COLORIDA (50X70)CM | D39: =Composições!F524 -> PR A1 | E39: 15 | F39: =TRUNC(G39 * (1/1.2935),2) -> 603.77 | G39: 780.98 | H39: =TRUNC(E39*G39,2) -> 11714.7
A40: CIMGEP | B40: CIMGEP 31 | C40: =Composições!C543 -> PLANTA HUMANIZADA COLORIDA (50X70)CM | D40: =Composições!F543 -> PR A1 | E40: 15 | F40: =TRUNC(G40 * (1/1.2935),2) -> 603.77 | G40: 780.98 | H40: =TRUNC(E40*G40,2) -> 11714.7
A41: CIMGEP | B41: CIMGEP 32 | C41: =Composições!C562 -> PROJETO EXECUTIVO DE IMPERMEABILIZAÇÃO | D41: =Composições!F562 -> PR A1 | E41: 15 | F41: =TRUNC(G41 * (1/1.2935),2) -> 1212.55 | G41: 1568.44 | H41: =TRUNC(E41*G41,2) -> 23526.6
A42: CIMGEP | B42: CIMGEP 33 | C42: =Composições!C583 -> PROJETO EXECUTIVO DE ENGRADAMENTO METÁLICO | D42: =Composições!F583 -> PR A1 | E42: 15 | F42: =TRUNC(G42 * (1/1.2935),2) -> 860.34 | G42: 1112.86 | H42: =TRUNC(E42*G42,2) -> 16692.9
A43: CIMGEP | B43: CIMGEP 34 | C43: =Composições!C604 -> LEVANTAMENTO CADASTRAL DE EDIFICAÇÃO | D43: =Composições!F604 -> A1 | E43: 15 | F43: =TRUNC(G43 * (1/1.2935),2) -> 685.66 | G43: 886.91 | H43: =TRUNC(E43*G43,2) -> 13303.65
C44: ESTUDO PRELIMINAR | H44: =SUM(H45:H53) -> 497173.27
A45: CIMGEP | B45: CIMGEP 35 | C45: =Composições!C616 -> ESTUDO PRELIMINAR DE EDIFICACAO - AREA <= 600M2 | D45: =Composições!F616 -> UN | E45: 10 | F45: =TRUNC(G45 * (1/1.2935),2) -> 2694.65 | G45: 3485.54 | H45: =TRUNC(E45*G45,2) -> 34855.4
A46: CIMGEP | B46: CIMGEP 36 | C46: =Composições!C631 -> ESTUDO PRELIMINAR DE EDIFICACAO - 600 M2 < AREA <= 1.500 M2 | D46: =Composições!F631 -> UN | E46: 10 | F46: =TRUNC(G46 * (1/1.2935),2) -> 5436.55 | G46: 7032.19 | H46: =TRUNC(E46*G46,2) -> 70321.9
A47: CIMGEP | B47: CIMGEP 37 | C47: =Composições!C646 -> ESTUDO PRELIMINAR DE EDIFICACAO - AREA > 1500 M2 | D47: =Composições!F646 -> UN | E47: 10 | F47: =TRUNC(G47 * (1/1.2935),2) -> 8084.75 | G47: 10457.63 | H47: =TRUNC(E47*G47,2) -> 104576.3
A48: CIMGEP | B48: CIMGEP 38 | C48: =Composições!C661 -> ESTUDO PRELIMINAR DE IMPLANT. DE EDIFICACAO PADRAO COM AREA <= 600M2 | D48: =Composições!F661 -> UN | E48: 10 | F48: =TRUNC(G48 * (1/1.2935),2) -> 1748.92 | G48: 2262.24 | H48: =TRUNC(E48*G48,2) -> 22622.4
A49: CIMGEP | B49: CIMGEP 39 | C49: =Composições!C676 -> ESTUDO PRELIMINAR DE IMPLANT. DE EDIFICACAO - 600 M2 < AREA <= 1.500 M2 | D49: =Composições!F676 -> UN | E49: 10 | F49: =TRUNC(G49 * (1/1.2935),2) -> 2697.51 | G49: 3489.24 | H49: =TRUNC(E49*G49,2) -> 34892.4
A50: CIMGEP | B50: CIMGEP 40 | C50: =Composições!C691 -> ESTUDO PRELIMINAR DE IMPLANTACAO EDIFICACAO PADRAO C/ AREA > 1500M2 | D50: =Composições!F691 -> UN | E50: 10 | F50: =TRUNC(G50 * (1/1.2935),2) -> 5345.92 | G50: 6914.96 | H50: =TRUNC(E50*G50,2) -> 69149.6
A51: CIMGEP | B51: CIMGEP 41 | C51: =Composições!C706 -> ESTUDO PRELIMINAR DE IMPLAN. PRACA,PARQUE,AREA LAZER AREA<=10.000M2 | D51: =Composições!F706 -> UN | E51: 10 | F51: =TRUNC(G51 * (1/1.2935),2) -> 2685.18 | G51: 3473.29 | H51: =TRUNC(E51*G51,2) -> 34732.9
A52: CIMGEP | B52: CIMGEP 42 | C52: =Composições!C721 -> ESTUDO PRELIMINARDE IMPLAN. PRACA,PARQUE,AREA LAZER AREA > 10.000M2 | D52: =Composições!F721 -> UN | E52: 10 | F52: =TRUNC(G52 * (1/1.2935),2) -> 5357.49 | G52: 6929.92 | H52: =TRUNC(E52*G52,2) -> 69299.2
A53: CIMGEP | B53: CIMGEP 43 | C53: =Composições!C736 -> ESTUDO PRELIMINAR DE URBANISMO | D53: =Composições!F736 -> KM | E53: 7 | F53: =TRUNC(G53 * (1/1.2935),2) -> 6264.63 | G53: 8103.31 | H53: =TRUNC(E53*G53,2) -> 56723.17
C54: PROJETOS DE INFRAESTRUTURA URBANA | H54: =SUM(H55:H69) -> 483656.9
A55: CIMGEP | B55: CIMGEP 44 | C55: =Composições!C750 -> PROJETO GEOMETRICO | D55: =Composições!F750 -> KM | E55: 10 | F55: =TRUNC(G55 * (1/1.2935),2) -> 4679.76 | G55: 6053.28 | H55: =TRUNC(E55*G55,2) -> 60532.8
A56: CIMGEP | B56: CIMGEP 45 | C56: =Composições!C763 -> PROJETO DE TERRAPLENAGEM | D56: =Composições!F763 -> KM | E56: 10 | F56: =TRUNC(G56 * (1/1.2935),2) -> 1726.64 | G56: 2233.42 | H56: =TRUNC(E56*G56,2) -> 22334.2
A57: CIMGEP | B57: CIMGEP 46 | C57: =Composições!C774 -> PROJETO DE CANALIZAÇAO | D57: =Composições!F774 -> KM | E57: 10 | F57: =TRUNC(G57 * (1/1.2935),2) -> 9065.24 | G57: 11725.9 | H57: =TRUNC(E57*G57,2) -> 117259
A58: CIMGEP | B58: CIMGEP 47 | C58: =Composições!C788 -> PROJETO DE DRENAGEM | D58: =Composições!F788 -> KM | E58: 10 | F58: =TRUNC(G58 * (1/1.2935),2) -> 5696.44 | G58: 7368.35 | H58: =TRUNC(E58*G58,2) -> 73683.5
A59: CIMGEP | B59: CIMGEP 48 | C59: =Composições!C802 -> PROJETO GEOMETRICO DE CONTENÇAO | D59: =Composições!F816 -> A1 | E59: 10 | F59: =TRUNC(G59 * (1/1.2935),2) -> 1044.15 | G59: 1350.62 | H59: =TRUNC(E59*G59,2) -> 13506.2
A60: CIMGEP | B60: CIMGEP 49 | C60: =Composições!C816 -> PROJETO ESTRUTURAL DE CONTENCAO / CANAL | D60: =Composições!F830 -> KM | E60: 10 | F60: =TRUNC(G60 * (1/1.2935),2) -> 1044.15 | G60: 1350.62 | H60: =TRUNC(E60*G60,2) -> 13506.2
A61: CIMGEP | B61: CIMGEP 50 | C61: =Composições!C830 -> PROJETO DE PAVIMENTAÇAO - VIA LOCAL | D61: =Composições!F830 -> KM | E61: 10 | F61: =TRUNC(G61 * (1/1.2935),2) -> 1727.37 | G61: 2234.36 | H61: =TRUNC(E61*G61,2) -> 22343.6
A62: CIMGEP | B62: CIMGEP 51 | C62: =Composições!C843 -> PROJETO DE PAVIMENTAÇAO - VIA COLETORA E PRIMARIA | D62: =Composições!F843 -> KM | E62: 10 | F62: =TRUNC(G62 * (1/1.2935),2) -> 2687.1 | G62: 3475.77 | H62: =TRUNC(E62*G62,2) -> 34757.7
A63: CIMGEP | B63: CIMGEP 52 | C63: =Composições!C856 -> PROJETO DE SINALIZAÇAO / DESVIO | D63: =Composições!F856 -> KM | E63: 10 | F63: =TRUNC(G63 * (1/1.2935),2) -> 1874.47 | G63: 2424.63 | H63: =TRUNC(E63*G63,2) -> 24246.3
A64: CIMGEP | B64: CIMGEP 53 | C64: =Composições!C869 -> PROJETO PAISAGISTICO | D64: =Composições!F869 -> KM | E64: 10 | F64: =TRUNC(G64 * (1/1.2935),2) -> 1065.35 | G64: 1378.04 | H64: =TRUNC(E64*G64,2) -> 13780.4
A65: CIMGEP | B65: CIMGEP 54 | C65: =Composições!C884 -> PROJETO EXECUTIVO DE IRRIGAÇÃO | D65: =Composições!F884 -> PR A1 | E65: 10 | F65: =TRUNC(G65 * (1/1.2935),2) -> 1118.2 | G65: 1446.4 | H65: =TRUNC(E65*G65,2) -> 14464
A66: CIMGEP | B66: CIMGEP 55 | C66: =Composições!C905 -> PROJETO OBRAS ARTES ESPECIAIS-PONTES,VIADUTOS,ETC | D66: =Composições!F905 -> A1 | E66: 10 | F66: =TRUNC(G66 * (1/1.2935),2) -> 2011.43 | G66: 2601.79 | H66: =TRUNC(E66*G66,2) -> 26017.9
A67: CIMGEP | B67: CIMGEP 56 | C67: PROJETO TÉCNICO DE ESTRUTURA METÁLICA | D67: =Composições!F919 -> PR A1 | E67: 10 | F67: =TRUNC(G67 * (1/1.2935),2) -> 1579.3 | G67: 2042.83 | H67: =TRUNC(E67*G67,2) -> 20428.3
A68: CIMGEP | B68: CIMGEP 57 | C68: =Composições!C940 -> PROJETO ELETRICO / TELEFONIA / LOGICA | D68: =Composições!F940 -> A1 | E68: 10 | F68: =TRUNC(G68 * (1/1.2935),2) -> 1155.24 | G68: 1494.31 | H68: =TRUNC(E68*G68,2) -> 14943.1
A69: CIMGEP | B69: CIMGEP 58 | C69: =Composições!C953 -> COMPATIBILIZACAO DE PROJETOS DE INFRA ESTRUTURA | D69: =Composições!F953 -> A1 | E69: 10 | F69: =TRUNC(G69 * (1/1.2935),2) -> 916.4 | G69: 1185.37 | H69: =TRUNC(E69*G69,2) -> 11853.7
C70: LAUDOS TÉCNICOS | H70: =SUM(H71:H74) -> 231280.55
A71: CIMGEP | B71: CIMGEP 59 | C71: =Composições!C967 -> LAUDO GEOTECNICO PARA FINS DE LICENCIAMENTO | D71: =Composições!F990 -> UN | E71: 5 | F71: =TRUNC(G71 * (1/1.2935),2) -> 5716.19 | G71: 7393.9 | H71: =TRUNC(E71*G71,2) -> 36969.5
A72: CIMGEP | B72: CIMGEP 60 | C72: =Composições!C990 -> LAUDOS TÉCNICOS - PARECER GEOTÉCNICO - NÍVEL 1 | D72: =Composições!F990 -> UN | E72: 5 | F72: =TRUNC(G72 * (1/1.2935),2) -> 7425.76 | G72: 9605.23 | H72: =TRUNC(E72*G72,2) -> 48026.15
A73: CIMGEP | B73: CIMGEP 61 | C73: =Composições!C1012 -> LAUDOS TÉCNICOS - PARECER GEOTÉCNICO - NÍVEL 2 | D73: =Composições!F1012 -> UN | E73: 5 | F73: =TRUNC(G73 * (1/1.2935),2) -> 10125.91 | G73: 13097.87 | H73: =TRUNC(E73*G73,2) -> 65489.35
A74: CIMGEP | B74: CIMGEP 62 | C74: =Composições!C1034 -> LAUDOS TÉCNICOS - PARECER GEOTÉCNICO - NÍVEL 3 | D74: =Composições!F1034 -> UN | E74: 5 | F74: =TRUNC(G74 * (1/1.2935),2) -> 12492.54 | G74: 16159.11 | H74: =TRUNC(E74*G74,2) -> 80795.55
C75: SERVIÇOS DE TOPOGRAFIA | H75: =SUM(H76:H97) -> 703539.14
A76: CIMGEP | B76: CIMGEP 63 | C76: =Composições!C1056 -> LEVANTAMENTO PLANIMÉTRICO CADASTRAL <= 10.000 M2- INCLUSIVE DESENHO | D76: =Composições!F1056 -> m² | E76: 10000 | F76: =TRUNC(G76 * (1/1.2935),2) -> 0.48 | G76: 0.63 | H76: =TRUNC(E76*G76,2) -> 6300
A77: CIMGEP | B77: CIMGEP 64 | C77: =Composições!C1078 -> LEVANTAMENTO PLANIMÉTRICO CADASTRAL > 10.000 M2- INCLUSIVE DESENHO | D77: =Composições!F1078 -> m² | E77: 50000 | F77: =TRUNC(G77 * (1/1.2935),2) -> 0.4 | G77: 0.52 | H77: =TRUNC(E77*G77,2) -> 26000
A78: CIMGEP | B78: CIMGEP 65 | C78: =Composições!C1100 -> EQUIPE TOPOGRÁFICA P/ APOIO A PROJETOS | D78: =Composições!F1100 -> DIA | E78: 15 | F78: =TRUNC(G78 * (1/1.2935),2) -> 872.4 | G78: 1128.46 | H78: =TRUNC(E78*G78,2) -> 16926.9
A79: CIMGEP | B79: CIMGEP 66 | C79: =Composições!C1115 -> EQUIPE TOPOGRÁFICA P/ APOIO A OBRAS | D79: =Composições!F1115 -> DIA | E79: 15 | F79: =TRUNC(G79 * (1/1.2935),2) -> 773.35 | G79: 1000.33 | H79: =TRUNC(E79*G79,2) -> 15004.95
A80: CIMGEP | B80: CIMGEP 67 | C80: =Composições!C1130 -> TRANSPORTE DE COORDENADAS E ALTITUDE - ESTAÇÃO TOTAL | D80: =Composições!F1130 -> KM | E80: 100 | F80: =TRUNC(G80 * (1/1.2935),2) -> 496.45 | G80: 642.17 | H80: =TRUNC(E80*G80,2) -> 64217
A81: CIMGEP | B81: CIMGEP 68 | C81: =Composições!C1152 -> TRANSPORTE DE COORDENADAS E ALTITUDE - RECEPTOR GNSS | D81: =Composições!F1152 -> DIA | E81: 7 | F81: =TRUNC(G81 * (1/1.2935),2) -> 1401.27 | G81: 1812.55 | H81: =TRUNC(E81*G81,2) -> 12687.85
A82: CIMGEP | B82: CIMGEP 69 | C82: LEVANTAMENTO PLANIMÉTRICO CADASTRAL MENOR QUE 10.000 M2- INCLUSIVE DESENHO | D82: =Composições!F1174 -> m² | E82: 10000 | F82: =TRUNC(G82 * (1/1.2935),2) -> 0.48 | G82: 0.63 | H82: =TRUNC(E82*G82,2) -> 6300
A83: CIMGEP | B83: CIMGEP 70 | C83: LEVANTAMENTO PLANIMÉTRICO CADASTRAL MAIOR QUE 10.000 M2- INCLUSIVE DESENHO | D83: =Composições!F1196 -> m² | E83: 50000 | F83: =TRUNC(G83 * (1/1.2935),2) -> 0.43 | G83: 0.56 | H83: =TRUNC(E83*G83,2) -> 28000
A84: CIMGEP | B84: CIMGEP 71 | C84: =Composições!C1218 -> LEVANTAMENTO PLANIMÉTRICO - INCLUSIVE DESENHO | D84: =Composições!F1218 -> m² | E84: 50000 | F84: =TRUNC(G84 * (1/1.2935),2) -> 0.12 | G84: 0.16 | H84: =TRUNC(E84*G84,2) -> 8000
A85: CIMGEP | B85: CIMGEP 72 | C85: =Composições!C1240 -> LEVANTAMENTO PLANIALTIMÉTRICO PARA ESTUDO E CADASTRO DE REDES SUBTERRÂNEAS - INCLUSIVE DESENHO | D85: =Composições!F1240 -> KM | E85: 100 | F85: =TRUNC(G85 * (1/1.2935),2) -> 412.27 | G85: 533.28 | H85: =TRUNC(E85*G85,2) -> 53328
A86: CIMGEP | B86: CIMGEP 73 | C86: =Composições!C1260 -> DESENHO DE SEÇÕES TRANSVERSAIS E PERFIS | D86: =Composições!F1260 -> A1 | E86: 10 | F86: =TRUNC(G86 * (1/1.2935),2) -> 191.95 | G86: 248.3 | H86: =TRUNC(E86*G86,2) -> 2483
A87: CIMGEP | B87: CIMGEP 74 | C87: =Composições!C1273 -> DESENHO DE LEVANTAMENTO TOPOGRÁFICO | D87: =Composições!F1273 -> A1 | E87: 10 | F87: =TRUNC(G87 * (1/1.2935),2) -> 423.91 | G87: 548.34 | H87: =TRUNC(E87*G87,2) -> 5483.4
A88: CIMGEP | B88: CIMGEP 75 | C88: =Composições!C1286 -> RECONSTRUÇÃO DIGITAL DE CP PARA LANÇAMENTO E AMARRAÇÃO AO LEVANTAMENTO | D88: =Composições!F1286 -> A1 | E88: 10 | F88: =TRUNC(G88 * (1/1.2935),2) -> 308.57 | G88: 399.14 | H88: =TRUNC(E88*G88,2) -> 3991.4
A89: CIMGEP | B89: CIMGEP 76 | C89: =Composições!C1299 -> PLANTA DE ISODECLIVIDADE | D89: =Composições!F1299 -> A1 | E89: 10 | F89: =TRUNC(G89 * (1/1.2935),2) -> 309.17 | G89: 399.92 | H89: =TRUNC(E89*G89,2) -> 3999.2
A90: CIMGEP | B90: CIMGEP 77 | C90: =Composições!C1313 -> EQUIPE DE TOPOGRAFIA - OBRA | D90: =Composições!F1313 -> MES | E90: 3 | F90: =TRUNC(G90 * (1/1.2935),2) -> 12073.58 | G90: 15617.18 | H90: =TRUNC(E90*G90,2) -> 46851.54
A91: CIMGEP | B91: CIMGEP 78 | C91: LEVANTAMENTO PLANIMÉTRICO CADASTRAL MENOR 10.000 M2- INCLUSIVE DESENHO | D91: =Composições!F1327 -> m² | E91: 10000 | F91: =TRUNC(G91 * (1/1.2935),2) -> 0.49 | G91: 0.64 | H91: =TRUNC(E91*G91,2) -> 6400
A92: CIMGEP | B92: CIMGEP 79 | C92: LEVANTAMENTO PLANIMÉTRICO CADASTRAL MAIOR QUE 10.000 M2- INCLUSIVE DESENHO | D92: =Composições!F1349 -> m² | E92: 50000 | F92: =TRUNC(G92 * (1/1.2935),2) -> 0.44 | G92: 0.58 | H92: =TRUNC(E92*G92,2) -> 29000
A93: CIMGEP | B93: CIMGEP 80 | C93: =Composições!C1371 -> LEVANTAMENTO PLANIALTIMÉTRICO E CADASTRAL TERRENO DE 2.001 A 10.000 M2 | D93: =Composições!F1371 -> un | E93: 10 | F93: =TRUNC(G93 * (1/1.2935),2) -> 2986.6 | G93: 3863.18 | H93: =TRUNC(E93*G93,2) -> 38631.8
A94: CIMGEP | B94: CIMGEP 81 | C94: =Composições!C1395 -> LEVANTAMENTO PLANIALTIMÉTRICO E CADASTRAL PARA TERRENOS COM ÁREAS MAIORES QUE 10.001M2 E MENORES QUE 50.000M2 | D94: =Composições!F1395 -> un | E94: 10 | F94: =TRUNC(G94 * (1/1.2935),2) -> 17922.14 | G94: 23182.3 | H94: =TRUNC(E94*G94,2) -> 231823
A95: CIMGEP | B95: CIMGEP 82 | C95: =Composições!C1422 -> LEVANTAMENTO PLANIALTIMÉTRICO E CADASTRAL TERRENO DE 2.001 A 10.000 M2 | D95: =Composições!F1422 -> un | E95: 10 | F95: =TRUNC(G95 * (1/1.2935),2) -> 2910.27 | G95: 3764.44 | H95: =TRUNC(E95*G95,2) -> 37644.4
A96: CIMGEP | B96: CIMGEP 83 | C96: =Composições!C1449 -> AUXILIAR DE TOPOGRAFIA, INCLUSIVE ENCARGOS COMPLEMENTARES | D96: =Composições!F1449 -> hora | E96: 200 | F96: =TRUNC(G96 * (1/1.2935),2) -> 19.32 | G96: 25 | H96: =TRUNC(E96*G96,2) -> 5000
A97: CIMGEP | B97: CIMGEP 84 | C97: =Composições!C1468 -> EQUIPE DE TOPOGRAFIA - PROJETO | D97: =Composições!F1468 -> MES | E97: 3 | F97: =TRUNC(G97 * (1/1.2935),2) -> 14293.69 | G97: 18488.9 | H97: =TRUNC(E97*G97,2) -> 55466.7
C98: SPDA - GERENCIAMENTO DE RISCOS E ENSAIOS | H98: =SUM(H99:H103) -> 76651.29
A99: CIMGEP | B99: CIMGEP 85 | C99: =Composições!C1482 -> MEDIÇÃO DE RESISTIVIDADE DO SOLO (NBR 7117-1:2020 E NBR 5419-3:2015) ÁREA DO TERRENO S <= 1000 M2 | D99: =Composições!F1482 -> UN | E99: 9 | F99: =TRUNC(G99 * (1/1.2935),2) -> 698.81 | G99: 903.92 | H99: =TRUNC(E99*G99,2) -> 8135.28
A100: CIMGEP | B100: CIMGEP 86 | C100: =Composições!C1498 -> MEDIÇÃO DE RESISTIVIDADE DO SOLO (NBR 7117-1:2020 E NBR 5419-3:2015) ÁREA DO TERRENO 1000 M2 < S <= 2500 M2 | D100: =Composições!F1498 -> UN | E100: 9 | F100: =TRUNC(G100 * (1/1.2935),2) -> 863.51 | G100: 1116.96 | H100: =TRUNC(E100*G100,2) -> 10052.64
A101: CIMGEP | B101: CIMGEP 87 | C101: =Composições!C1514 -> MEDIÇÃO DE RESISTIVIDADE DO SOLO (NBR 7117-1:2020 E NBR 5419-3:2015) ÁREA DO TERRENO 2500 M2 < S <= 10000 M2 | D101: =Composições!F1514 -> UN | E101: 9 | F101: =TRUNC(G101 * (1/1.2935),2) -> 1626.7 | G101: 2104.14 | H101: =TRUNC(E101*G101,2) -> 18937.26
...

Sheet Composições
F1: B.D.I. | H1: Encargos Sociais
F2: 29,35% | H2: Desonerado: embutido nos preços unitário dos insumos de mão de obra, de acordo com as bases.
A4: 1 | B4: Código | C4: Descrição | D4: Tipo | F4: Und | G4: Quant. | H4: Valor Unit | I4: Total
A5: Composição | B5: CIMGEP 01 | C5: PROJETO EXECUTIVO DE ARQUITETURA | D5: CO- | F5: PR A1 | G5: 1 | H5: =I23 -> 1525.6315 | I5: =H5*G5 -> 1525.6315
A7: F | B7: Código | C7: Materiais | D7: Quantidade | E7: Unidade | F7: Preço Unitário | I7: Custo Horário
A8: Insumo | B8: MATCO-27505 | C8: PLOTAGEM (TIPO DE PAPEL: SULFITE|GRAMATURA: 90GR/CM2|TIPO DE FORMATO: A1|IMPRESSÃO: PRETO/BRANCO) | D8: 5 | E8: un | F8: 3.13 | I8: =TRUNC(D8*F8,2) -> 15.65
A9: Insumo | B9: MATCO-27500 | C9: PLOTAGEM (TIPO DE PAPEL: VEGETAL|GRAMATURA: 90GR/CM2|TIPO DE FORMATO: A1|IMPRESSÃO: PRETO/BRANCO) | D9: 1 | E9: un | F9: 15 | I9: =TRUNC(D9*F9,2) -> 15
A10: Insumo | B10: MATCO-27503 | C10: ENCADERNAÇÃO (TIPO: ESPIRAL|TIPO DE FORMATO: A4|MATERIAL DA CAPA: PP|COR: TRANSPARENTE|ESPESSURA*: 0,30MM)*VALORES REFERENCIAIS APROXIMADOS | D10: 0.5 | E10: un | F10: 3.6 | I10: =TRUNC(D10*F10,2) -> 1.8
A11: Insumo | B11: MATCO-27504 | C11: PLOTAGEM (TIPO DE PAPEL: SULFITE|GRAMATURA: 90GR/CM2|TIPO DE FORMATO: A1|IMPRESSÃO: COLORIDA) | D11: 2 | E11: un | F11: 9.1 | I11: =TRUNC(D11*F11,2) -> 18.2
A12: Insumo | B12: MATCO-27506 | C12: FOTOCÓPIA/XEROX (IMPRESSÃO: PRETO/BRANCO|ACABAMENTO: OPACO|TIPO DE FORMATO: A4) | D12: 20 | E12: un | F12: 0.19 | I12: =TRUNC(D12*F12,2) -> 3.8
A13: Insumo | B13: MATCO-27502 | C13: DIGITALIZAÇÃO DE DOCUMENTO (TIPO DE FORMATO: A1) | D13: 1 | E13: un | F13: 6.78 | I13: =TRUNC(D13*F13,2) -> 6.78
E14: Total: | I14: =SUM(I8:I13) -> 61.23
A15: G | B15: Código | C15: Serviços | D15: Quantidade | E15: Unidade | F15: Preço Unitário | I15: Custo Horário
A16: Composição | B16: CO-33107 | C16: DESENHISTA TÉCNICO/CADISTA, INCLUSIVE ENCARGOS COMPLEMENTARES | D16: 2 | E16: hora | F16: 38.28 | I16: =TRUNC(D16*F16,2) -> 76.56
A17: Composição | B17: CO-27498 | C17: TÉCNICO DE NÍVEL MÉDIO, INCLUSIVE ENCARGOS COMPLEMENTARES | D17: 2 | E17: hora | F17: 38.28 | I17: =TRUNC(D17*F17,2) -> 76.56
A18: Composição | B18: CO-27344 | C18: ENGENHEIRO/ARQUITETO, NÍVEL SÊNIOR, INCLUSIVE ENCARGOS COMPLEMENTARES | D18: 1 | E18: hora | F18: 167.07 | I18: =TRUNC(D18*F18,2) -> 167.07
A19: Composição | B19: CO-27348 | C19: ENGENHEIRO/ARQUITETO, NÍVEL JÚNIOR, INCLUSIVE ENCARGOS COMPLEMENTARES | D19: 2 | E19: hora | F19: 126.46 | I19: =TRUNC(D19*F19,2) -> 252.92
A20: Composição | B20: CO-27347 | C20: ENGENHEIRO/ARQUITETO, NÍVEL PLENO, INCLUSIVE ENCARGOS COMPLEMENTARES | D20: 4 | E20: hora | F20: 136.28 | I20: =TRUNC(D20*F20,2) -> 545.12
E21: Total: | I21: =SUM(I16:I20) -> 1118.23
D22: Valor do BDI => | E22: =(0.2935*(I21+I14)) -> 346.17151 | G22: Valor com BDI => | I22: =(I21+I14+E22) -> 1525.6315
F23: Quant. => | G23: 1,00 | H23: Preço Total => | I23: =SUM(I22:I22) -> 1525.6315
A26: 2 | B26: Código | C26: Descrição | D26: Tipo | F26: Und | G26: Quant. | H26: Valor Unit | I26: Total
A27: Composição | B27: CIMGEP 02 | C27: PROJETO EXECUTIVO DE TERRAPLENAGEM PLANTA | D27: CO- | F27: PR A1 | G27: 1 | H27: =I44 -> 946.27286 | I27: =H27*G27 -> 946.27286
A29: F | B29: Código | C29: Materiais | D29: Quantidade | E29: Unidade | F29: Preço Unitário | I29: Custo Horário
A30: Insumo | B30: MATCO-27500 | C30: PLOTAGEM (TIPO DE PAPEL: VEGETAL|GRAMATURA: 90GR/CM2|TIPO DE FORMATO: A1|IMPRESSÃO: PRETO/BRANCO) | D30: 1 | E30: un | F30: 15 | I30: =TRUNC(F30*D30,2) -> 15
A31: Insumo | B31: MATCO-27505 | C31: PLOTAGEM (TIPO DE PAPEL: SULFITE|GRAMATURA: 90GR/CM2|TIPO DE FORMATO: A1|IMPRESSÃO: PRETO/BRANCO) | D31: 4 | E31: un | F31: 3.13 | I31: =TRUNC(F31*D31,2) -> 12.52
A32: Insumo | B32: MATCO-27504 | C32: PLOTAGEM (TIPO DE PAPEL: SULFITE|GRAMATURA: 90GR/CM2|TIPO DE FORMATO: A1|IMPRESSÃO: COLORIDA) | D32: 2 | E32: un | F32: 9.1 | I32: =TRUNC(F32*D32,2) -> 18.2
A33: Insumo | B33: MATCO-27502 | C33: DIGITALIZAÇÃO DE DOCUMENTO (TIPO DE FORMATO: A1) | D33: 1 | E33: un | F33: 6.78 | I33: =TRUNC(F33*D33,2) -> 6.78
A34: Insumo | B34: MATCO-27503 | C34: ENCADERNAÇÃO (TIPO: ESPIRAL|TIPO DE FORMATO: A4|MATERIAL DA CAPA: PP|COR: TRANSPARENTE|ESPESSURA*: 0,30MM)*VALORES REFERENCIAIS APROXIMADOS | D34: 0.1 | E34: un | F34: 3.6 | I34: =TRUNC(F34*D34,2) -> 0.36
A35: Insumo | B35: MATCO-27506 | C35: FOTOCÓPIA/XEROX (IMPRESSÃO: PRETO/BRANCO|ACABAMENTO: OPACO|TIPO DE FORMATO: A4) | D35: 10 | E35: un | F35: 0.19 | I35: =TRUNC(F35*D35,2) -> 1.9
E36: Total: | I36: =SUM(I30:I35) -> 54.76
A37: G | B37: Código | C37: Serviços | D37: Quantidade | E37: Unidade | F37: Preço Unitário | I37: Custo Horário
A38: Composição | B38: CO-27498 | C38: TÉCNICO DE NÍVEL MÉDIO, INCLUSIVE ENCARGOS COMPLEMENTARES | D38: 4 | E38: hora | F38: 38.28 | I38: =TRUNC(F38*D38,2) -> 153.12
A39: Composição | B39: CO-33107 | C39: DESENHISTA TÉCNICO/CADISTA, INCLUSIVE ENCARGOS COMPLEMENTARES | D39: 3 | E39: hora | F39: 38.28 | I39: =TRUNC(F39*D39,2) -> 114.84
A40: Composição | B40: CO-27347 | C40: ENGENHEIRO/ARQUITETO, NÍVEL PLENO, INCLUSIVE ENCARGOS COMPLEMENTARES | D40: 3 | E40: hora | F40: 136.28 | I40: =TRUNC(F40*D40,2) -> 408.84
E41: Total: | I41: =SUM(I38:I40) -> 676.8
D43: Valor do BDI => | E43: =(I36+I41)*0.2935 -> 214.71286 | G43: Valor com BDI => | I43: =I41+I36+E43 -> 946.27286
F44: Quant. => | G44: 1 | H44: Preço Total => | I44: =I43*G44 -> 946.27286
A47: 3 | B47: Código | C47: Descrição | D47: Tipo | F47: Und | G47: Quant. | H47: Valor Unit | I47: Total
A48: Composição | B48: CIMGEP 03 | C48: PROJETO EXECUTIVO DE TERRAPLENAGEM SEÇÕES | D48: CO- | F48: PR A1 | G48: 1 | H48: =I64 -> 632.39215 | I48: =H48*G48 -> 632.39215
A50: F | B50: Código | C50: Materiais | D50: Quantidade | E50: Unidade | F50: Preço Unitário | I50: Custo Horário
A51: Insumo | B51: MATCO-27506 | C51: FOTOCÓPIA/XEROX (IMPRESSÃO: PRETO/BRANCO|ACABAMENTO: OPACO|TIPO DE FORMATO: A4) | D51: 10 | E51: un | F51: 0.19 | I51: =TRUNC(D51*F51,2) -> 1.9
A52: Insumo | B52: MATCO-27504 | C52: PLOTAGEM (TIPO DE PAPEL: SULFITE|GRAMATURA: 90GR/CM2|TIPO DE FORMATO: A1|IMPRESSÃO: COLORIDA) | D52: 2 | E52: un | F52: 9.1 | I52: =TRUNC(D52*F52,2) -> 18.2
A53: Insumo | B53: MATCO-27502 | C53: DIGITALIZAÇÃO DE DOCUMENTO (TIPO DE FORMATO: A1) | D53: 1 | E53: un | F53: 6.78 | I53: =TRUNC(D53*F53,2) -> 6.78
A54: Insumo | B54: MATCO-27503 | C54: ENCADERNAÇÃO (TIPO: ESPIRAL|TIPO DE FORMATO: A4|MATERIAL DA CAPA: PP|COR: TRANSPARENTE|ESPESSURA*: 0,30MM)*VALORES REFERENCIAIS APROXIMADOS | D54: 0.5 | E54: un | F54: 3.6 | I54: =TRUNC(D54*F54,2) -> 1.8
A55: Insumo | B55: MATCO-27505 | C55: PLOTAGEM (TIPO DE PAPEL: SULFITE|GRAMATURA: 90GR/CM2|TIPO DE FORMATO: A1|IMPRESSÃO: PRETO/BRANCO) | D55: 4 | E55: un | F55: 3.13 | I55: =TRUNC(D55*F55,2) -> 12.52
A56: Insumo | B56: MATCO-27500 | C56: PLOTAGEM (TIPO DE PAPEL: VEGETAL|GRAMATURA: 90GR/CM2|TIPO DE FORMATO: A1|IMPRESSÃO: PRETO/BRANCO) | D56: 1 | E56: un | F56: 15 | I56: =TRUNC(D56*F56,2) -> 15
E57: Total: | I57: =SUM(I51:I56) -> 56.2
A58: G | B58: Código | C58: Serviços | D58: Quantidade | E58: Unidade | F58: Preço Unitário | I58: Custo Horário
A59: Composição | B59: CO-33107 | C59: DESENHISTA TÉCNICO/CADISTA, INCLUSIVE ENCARGOS COMPLEMENTARES | D59: 4 | E59: hora | F59: 38.28 | I59: =TRUNC(D59*F59,2) -> 153.12
A60: Composição | B60: CO-27348 | C60: ENGENHEIRO/ARQUITETO, NÍVEL JÚNIOR, INCLUSIVE ENCARGOS COMPLEMENTARES | D60: 1 | E60: hora | F60: 126.46 | I60: =TRUNC(D60*F60,2) -> 126.46
A61: Composição | B61: CO-27498 | C61: TÉCNICO DE NÍVEL MÉDIO, INCLUSIVE ENCARGOS COMPLEMENTARES | D61: 4 | E61: hora | F61: 38.28 | I61: =TRUNC(D61*F61,2) -> 153.12
E62: Total: | I62: =SUM(I59:I61) -> 432.7
D63: Valor do BDI => | E63: =(I57+I62)*0.2935 -> 143.49215 | G63: Valor com BDI => | I63: =E63+I62+I57 -> 632.39215
F64: Quant. => | G64: 1 | H64: Preço Total => | I64: =I63 -> 632.39215
A66: 4 | B66: Código | C66: Descrição | D66: Tipo | F66: Und | G66: Quant. | H66: Valor Unit | I66: Total
A67: Composição | B67: CIMGEP 04 | C67: PROJETO EXECUTIVO DE DRENAGEM PLUVIAL | D67: CO- | F67: PR A1 | G67: 1 | H67: =I83 -> 1208.1678 | I67: =H67 -> 1208.1678
A69: F | B69: Código | C69: Materiais | D69: Quantidade | E69: Unidade | F69: Preço Unitário | I69: Custo Horário
A70: Insumo | B70: MATCO-27502 | C70: DIGITALIZAÇÃO DE DOCUMENTO (TIPO DE FORMATO: A1) | D70: 1 | E70: un | F70: 6.78 | I70: =TRUNC(D70*F70,2) -> 6.78
A71: Insumo | B71: MATCO-27503 | C71: ENCADERNAÇÃO (TIPO: ESPIRAL|TIPO DE FORMATO: A4|MATERIAL DA CAPA: PP|COR: TRANSPARENTE|ESPESSURA*: 0,30MM)*VALORES REFERENCIAIS APROXIMADOS | D71: 0.5 | E71: un | F71: 3.6 | I71: =TRUNC(D71*F71,2) -> 1.8
A72: Insumo | B72: MATCO-27505 | C72: PLOTAGEM (TIPO DE PAPEL: SULFITE|GRAMATURA: 90GR/CM2|TIPO DE FORMATO: A1|IMPRESSÃO: PRETO/BRANCO) | D72: 5 | E72: un | F72: 3.13 | I72: =TRUNC(D72*F72,2) -> 15.65
A73: Insumo | B73: MATCO-27504 | C73: PLOTAGEM (TIPO DE PAPEL: SULFITE|GRAMATURA: 90GR/CM2|TIPO DE FORMATO: A1|IMPRESSÃO: COLORIDA) | D73: 2 | E73: un | F73: 9.1 | I73: =TRUNC(D73*F73,2) -> 18.2
A74: Insumo | B74: MATCO-27506 | C74: FOTOCÓPIA/XEROX (IMPRESSÃO: PRETO/BRANCO|ACABAMENTO: OPACO|TIPO DE FORMATO: A4) | D74: 20 | E74: un | F74: 0.19 | I74: =TRUNC(D74*F74,2) -> 3.8
A75: Insumo | B75: MATCO-27500 | C75: PLOTAGEM (TIPO DE PAPEL: VEGETAL|GRAMATURA: 90GR/CM2|TIPO DE FORMATO: A1|IMPRESSÃO: PRETO/BRANCO) | D75: 1 | E75: un | F75: 15 | I75: =TRUNC(D75*F75,2) -> 15
E76: Total: | I76: =SUM(I70:I75) -> 61.23
A77: G | B77: Código | C77: Serviços | D77: Quantidade | E77: Unidade | F77: Preço Unitário | I77: Custo Horário
A78: Composição | B78: CO-33107 | C78: DESENHISTA TÉCNICO/CADISTA, INCLUSIVE ENCARGOS COMPLEMENTARES | D78: 3 | E78: hora | F78: 38.28 | I78: =TRUNC(F78*D78,20) -> 114.84
A79: Composição | B79: CO-27498 | C79: TÉCNICO DE NÍVEL MÉDIO, INCLUSIVE ENCARGOS COMPLEMENTARES | D79: 2 | E79: hora | F79: 38.28 | I79: =TRUNC(F79*D79,20) -> 76.56
A80: Composição | B80: CO-27347 | C80: ENGENHEIRO/ARQUITETO, NÍVEL PLENO, INCLUSIVE ENCARGOS COMPLEMENTARES | D80: 5 | E80: hora | F80: 136.28 | I80: =TRUNC(F80*D80,20) -> 681.4
E81: Total: | I81: =SUM(I78:I80) -> 872.8
D82: Valor do BDI => | E82: =(I76+I81)*0.2935 -> 274.1378 | G82: Valor com BDI => | I82: =I76+I81+E82 -> 1208.1678
F83: Quant. => | G83: 1 | H83: Preço Total => | I83: =I82 -> 1208.1678
A86: 5 | B86: Código | C86: Descrição | D86: Tipo | F86: Und | G86: Quant. | H86: Valor Unit | I86: Total
A87: Composição | B87: CIMGEP 05 | C87: PROJETO PAISAGISTICO PRAÇA, PARQUE E AREA DE LAZER | D87: PROJETOS DE EDIFICACOES | F87: A1 | G87: 1 | H87: =I98 -> 2882.6 | I87: =H87 -> 2882.6
A88: Insumo | B88: 94.12.04 | C88: PLOTAGEM SULFITE FORMATO A1 MÍNIMO 90G/M2 | D88: Material | F88: UN | G88: 3 | H88: 6 | I88: =TRUNC(H88*G88,2) -> 18
A89: Insumo | B89: 56.13.04 | C89: PROJETISTA CADISTA - PROJETO | D89: Mão de Obra | F89: H | G89: 4 | H89: 38.78 | I89: =TRUNC(H89*G89,2) -> 155.12
A90: Insumo | B90: 56.14.02 | C90: TÉCNICO INTERMEDIÁRIO - PROJETO | D90: Mão de Obra | F90: H | G90: 3 | H90: 34.64 | I90: =TRUNC(H90*G90,2) -> 103.92
A91: Insumo | B91: 56.11.13 | C91: ARQUITETO JÚNIOR PROJETO | D91: Mão de Obra | F91: H | G91: 2 | H91: 132.86 | I91: =TRUNC(H91*G91,2) -> 265.72
A92: Insumo | B92: 94.11.01 | C92: ENCADERNAÇÃO A4 ACETATO, PVC/CROMICOTE, COM ESPIRAL | D92: Material | F92: UN | G92: 0.1 | H92: 4.5 | I92: =TRUNC(H92*G92,2) -> 0.45
A93: Insumo | B93: 94.07.01 | C93: XEROX PRETO/BRANCO - FORMATO A4 | D93: Material | F93: UN | G93: 10 | H93: 0.1 | I93: =TRUNC(H93*G93,2) -> 1
A94: Insumo | B94: 56.11.11 | C94: ARQUITETO SÊNIOR PROJETO | D94: Mão de Obra | F94: H | G94: 2 | H94: 169.05 | I94: =TRUNC(H94*G94,2) -> 338.1
A95: Insumo | B95: 56.11.12 | C95: ARQUITETO INTERMEDIÁRIO PROJETO | D95: Mão de Obra | F95: H | G95: 9 | H95: 149.58 | I95: =TRUNC(H95*G95,2) -> 1346.22
H96: Preço Total => | I96: =SUM(I88:I95) -> 2228.53
D97: Valor do BDI => | E97: =TRUNC(0.2935*I96,2) -> 654.07 | G97: Valor com BDI => | I97: =I96+E97 -> 2882.6
F98: Quant. => | G98: 1 | H98: Preço Total => | I98: =I97 -> 2882.6
A101: 6 | B101: Código | C101: Descrição | D101: Tipo | F101: Und | G101: Quant. | H101: Valor Unit | I101: Total
A102: Composição | B102: CIMGEP 06 | C102: PROJETO EXECUTIVO DE PAISAGISMO | D102: CO- | F102: PR A1 | G102: 1 | H102: =I119 -> 1337.0392 | I102: =H102 -> 1337.0392
A104: F | B104: Código | C104: Materiais | D104: Quantidade | E104: Unidade | F104: Preço Unitário | I104: Custo Horário
A105: Insumo | B105: MATCO-27506 | C105: FOTOCÓPIA/XEROX (IMPRESSÃO: PRETO/BRANCO|ACABAMENTO: OPACO|TIPO DE FORMATO: A4) | D105: 10 | E105: un | F105: 0.19 | I105: =TRUNC(D105*F105,2) -> 1.9
A106: Insumo | B106: MATCO-27505 | C106: PLOTAGEM (TIPO DE PAPEL: SULFITE|GRAMATURA: 90GR/CM2|TIPO DE FORMATO: A1|IMPRESSÃO: PRETO/BRANCO) | D106: 4 | E106: un | F106: 3.13 | I106: =TRUNC(D106*F106,2) -> 12.52
A107: Insumo | B107: MATCO-27502 | C107: DIGITALIZAÇÃO DE DOCUMENTO (TIPO DE FORMATO: A1) | D107: 1 | E107: un | F107: 6.78 | I107: =TRUNC(D107*F107,2) -> 6.78
A108: Insumo | B108: MATCO-27504 | C108: PLOTAGEM (TIPO DE PAPEL: SULFITE|GRAMATURA: 90GR/CM2|TIPO DE FORMATO: A1|IMPRESSÃO: COLORIDA) | D108: 2 | E108: un | F108: 9.1 | I108: =TRUNC(D108*F108,2) -> 18.2
A109: Insumo | B109: MATCO-27500 | C109: PLOTAGEM (TIPO DE PAPEL: VEGETAL|GRAMATURA: 90GR/CM2|TIPO DE FORMATO: A1|IMPRESSÃO: PRETO/BRANCO) | D109: 1 | E109: un | F109: 15 | I109: =TRUNC(D109*F109,2) -> 15
A110: Insumo | B110: MATCO-27503 | C110: ENCADERNAÇÃO (TIPO: ESPIRAL|TIPO DE FORMATO: A4|MATERIAL DA CAPA: PP|COR: TRANSPARENTE|ESPESSURA*: 0,30MM)*VALORES REFERENCIAIS APROXIMADOS | D110: 0.1 | E110: un | F110: 3.6 | I110: =TRUNC(D110*F110,2) -> 0.36
E111: Total: | I111: =SUM(I105:I110) -> 54.76
A112: G | B112: Código | C112: Serviços | D112: Quantidade | E112: Unidade | F112: Preço Unitário | I112: Custo Horário
A113: Composição | B113: CO-27348 | C113: ENGENHEIRO/ARQUITETO, NÍVEL JÚNIOR, INCLUSIVE ENCARGOS COMPLEMENTARES | D113: 6 | E113: hora | F113: 91.35 | I113: =TRUNC(D113*F113,2) -> 548.1
A114: Composição | B114: CO-27498 | C114: TÉCNICO DE NÍVEL MÉDIO, INCLUSIVE ENCARGOS COMPLEMENTARES | D114: 4 | E114: hora | F114: 24.58 | I114: =TRUNC(D114*F114,2) -> 98.32
A115: Composição | B115: CO-33107 | C115: DESENHISTA TÉCNICO/CADISTA, INCLUSIVE ENCARGOS COMPLEMENTARES | D115: 8 | E115: hora | F115: 24.58 | I115: =TRUNC(D115*F115,2) -> 196.64
A116: Composição | B116: CO-27344 | C116: ENGENHEIRO/ARQUITETO, NÍVEL SÊNIOR, INCLUSIVE ENCARGOS COMPLEMENTARES | D116: 1 | E116: hora | F116: 135.84 | I116: =TRUNC(D116*F116,2) -> 135.84
...
